 Dungeon Crawl Stone Soup version 0.27.0-1-g7a089689b8 (webtiles) character file.

Game seed: 2915703090598379880

69014 Anothat the Brawler (level 14, -1/144 HPs)
             Began as a Troll Monk on July 31, 2021.
             Was a Believer of Ru.
             Slain by a harpy (13 damage)
             ... on level 1 of the Shoals on Aug 1, 2021.
             The game lasted 01:11:46 (21133 turns).

Anothat the Brawler (Troll Monk)                   Turns: 21133, Time: 01:11:46

Health: -1/144     AC:  4    Str: 24    XL:     14   Next: 88%
Magic:  17/20      EV: 15    Int:  9    God:    Ru [**....]
Gold:   810        SH:  5    Dex: 15    Spells: 11/13 levels left

rFire    + + +     SeeInvis .     - Unarmed
rCold    + + +     Faith    .   (no shield)
rNeg     + . .     Spirit   .   X - +1 robe "Duyvu Pytz" {+Inv rF+ rN+}
rPois    .         Reflect  +   W - +0 hat "Bised" {Rampage}
rElec    .         Harm     .   T - scarf {rC+ rF+}
rCorr    .         Rampage  +   (gloves unavailable)
Will     +++..     Clarity  +   (boots unavailable)
Stlth    ++........             N - amulet of Doubts {Reflect rC++ SH+5}
HPRegen  1.34/turn              P - ring of the Mage {Wiz Will++ Int+3}
MPRegen  0.17/turn              U - ring "Laenaud" {Wiz Drain rF+ MP+9 Dex+5}

@: very slightly contaminated
A: large, unfitting armour, claws 3, clumsy 1, regeneration 1, shaggy fur 1,
tough skin 1, no hexes magic, no ice magic, no necromancy magic, unskilled 1,
clarity, deformed body, low mp 1, weak 1, MP-powered wands
a: Renounce Religion, Evoke Invisibility


You were on level 1 of the Shoals.
You worshipped Ru.
Ru was pleased with you.
You visited 5 branches of the dungeon, and saw 21 of its levels.
You also visited: Bailey, Gauntlet and Ice Cave.

You collected 2065 gold pieces.
You spent 1255 gold pieces at shops.

Inventory:

Hand Weapons
 F - a +3 trident of flaming
Armour
 l - a +1 cloak
 T - a scarf of resistance (worn)
 W - the +0 hat "Bised" (worn) {Rampage}
   (You acquired it on level 6 of the Lair of Beasts)

   Rampage:   It bestows one free step when moving towards enemies.
 X - the +1 robe "Duyvu Pytz" (worn) {+Inv rF+ rN+}
   (You acquired it on level 6 of the Lair of Beasts)

   rF:        It protects you from fire.
   rN:        It protects you from negative energy.
   +Inv:      It lets you turn invisible.
Jewellery
 g - an amulet of regeneration
 m - a ring of positive energy
 A - a ring of poison resistance
 B - an amulet of magic regeneration
 G - an amulet of guardian spirit
 J - a +6 ring of intelligence
 N - the amulet of Doubts (around neck) {Reflect rC++ SH+5}
   (You found it in a Gauntlet)

   [amulet of reflection]

   It reflects blocked missile attacks.
   rC:        It greatly protects you from cold.
   SH:        It affects your SH (+5).
 P - the ring of the Mage (left claw) {Wiz Will++ Int+3}
   (You found it in a Gauntlet)

   [ring of wizardry]

   It improves your spell success rate.
   Int:       It affects your intelligence (+3).
   Will:      It greatly increases your willpower.
 R - a +4 ring of evasion
 U - the ring "Laenaud" (right claw) {Wiz Drain rF+ MP+9 Dex+5}
   (You found it on level 4 of the Lair of Beasts)

   [ring of wizardry]

   It improves your spell success rate.
   Dex:       It affects your dexterity (+5).
   rF:        It protects you from fire.
   MP:        It affects your magic capacity (+9).
   Drain:     It drains your maximum health when unequipped.
 Y - a ring of protection from cold
Wands
 t - a wand of flame (60)
 w - a wand of iceblast (26)
 y - a wand of mindburst (3)
 C - a wand of charming (6)
 D - a wand of acid (8)
 I - a wand of digging (4)
 Q - a wand of paralysis (5)
Scrolls
 b - 10 scrolls of fog
 c - a scroll of enchant weapon
 f - 2 scrolls of vulnerability
 k - 4 scrolls of noise
 n - 6 scrolls of immolation
 q - 3 scrolls of magic mapping
 x - a scroll of enchant armour
 K - a scroll of brand weapon
 S - 2 scrolls of holy word
Potions
 d - 3 potions of degeneration
 h - a potion of magic
 i - 6 potions of attraction
 j - 4 potions of brilliance
 o - 7 potions of flight
 r - 3 potions of haste
 s - 6 potions of curing
 v - 2 potions of ambrosia
 z - a potion of lignification
 H - a potion of might
 O - a potion of mutation
 V - a potion of cancellation


   Skills:
 + Level 10.7 Fighting
 + Level 10.7 Dodging
 - Level 1.0 Stealth
 * Level 16.6 Unarmed Combat


You had 11 spell levels left.
You knew the following spells:

 Your Spells              Type           Power      Damage    Failure   Level
a - Wereblood             Tmut           0%         N/A       16%         2

Your spell library contained the following spells:

 Spells                   Type           Power      Damage    Failure   Level
 Apportation              Tloc           0%         N/A       11%         1
 Sandblast                Erth           0%         2d4       11%         1
 Summon Small Mammal      Summ           0%         N/A       11%         1
 Passwall                 Tmut/Erth      0%         N/A       16%         2
 Poisonous Vapours        Pois/Air       0%         N/A       16%         2
 Conjure Flame            Conj/Fire      0%         6-21      30%         3
 Ignite Poison            Fire/Tmut/Pois 0%         N/A       30%         3
 Iskenderun's Mystic Bla  Conj/Tloc      0%         2d3       67%         4
 Sticky Flame             Conj/Fire      0%         2d3       67%         4
 Summon Lightning Spire   Summ/Air       0%         N/A       67%         4
 Alistair's Intoxication  Tmut/Pois      0%         N/A       93%         5
 Fireball                 Conj/Fire      0%         3d3       93%         5
 Iskenderun's Battlesphe  Conj           0%         2d6       93%         5
 Lee's Rapid Deconstruct  Erth           0%         3d5*      93%         5
 Conjure Ball Lightning   Conj/Air       0%         3x3d6     100%        6
 Eringya's Noxious Bog    Tmut/Pois      0%         N/A       100%        6
 Starburst                Conj/Fire      0%         8x6d3     100%        6
 Dragon Form              Tmut           0%         N/A       100%        7
 Orb of Destruction       Conj           0%         N/A       100%        7
 Storm Form               Tmut/Air       0%         N/A       100%        7
 Summon Hydra             Summ           0%         N/A       100%        7
 Maxwell's Capacitive Co  Air            0%         ∞         100%        8
 Dragon's Call            Summ           0%         N/A       100%        9
 Animate Skeleton         Necr           Unusable   N/A       N/A         1
 Corona                   Hex            Unusable   N/A       N/A         1
 Corpse Rot               Necr/Air       Unusable   N/A       N/A         2
 Sublimation of Blood     Necr           Unusable   N/A       N/A         2
 Dazzling Flash           Conj/Hex       Unusable   N/A       N/A         3
 Cause Fear               Hex            Unusable   N/A       N/A         4
 Borgnjor's Vile Clutch   Necr/Erth      Unusable   N/A       N/A         5
 Freezing Cloud           Conj/Ice/Air   Unusable   6-21      N/A         5

Dungeon Overview and Level Annotations

Branches:
Dungeon (11/15)            Temple (1/1) D:6            Lair (6/6) D:11
 Shoals (1/4) Lair:2       Spider (0/4) Lair:2        Slime (0/5) Lair:6
    Orc (2/2) D:9             Elf (0/3) Orc:2        Bailey (visited)
  IceCv (visited)         Gauntlet (visited)

Altars:
Ashenzari
Cheibriados
Dithmenos
Elyvilon
Fedhas
Gozag
Hepliaklqana
Kikubaaqudgha
Makhleb
Nemelex Xobeh
Okawaru
Qazlal
Ru
Sif Muna
Trog
Uskayaw
Vehumet
Wu Jian
Xom
Yredelemnul
Zin
The Shining One
Beogh
Jiyva
Lugonu

Shops:
D:9 ([(   D:10 (   D:11 !=?([   Orc:1 *   Orc:2 [(*(

Portals:
Abyss: Lair:6
Trove: D:10 (give 3 potions of resistance)

Annotations:
D:5 3 runed translucent doors, LeChuckSC's ghost, novice SpMo
D:9 2 transporters, Nattefrost's ghost, journeyman DsGl
Lair:2 3 runed translucent doors, Nattefrost's ghost, journeyman HuBe
Lair:3 1 runed translucent door


Innate Abilities, Weirdness & Mutations

You are too large for most types of armour.
You have claws for hands.
You are clumsy. (Dex -2)
Your natural rate of healing is unusually fast.
You are covered in fur. (AC +1)
You have tough skin. (AC +1)
You cannot study or cast Hexes magic.
You cannot study or cast Ice magic.
You cannot study or cast Necromancy magic.
You are somewhat unskilled. (-1 Apt)
You possess an exceptional clarity of mind.
Armour fits poorly on your strangely shaped body.
Your magical capacity is low. (-10% MP)
You are weak. (Str -2)
You expend magic power (3 MP) to strengthen your wands.


Message History

You block the harpy's attack. The harpy claws you!
* * * LOW HITPOINT WARNING * * *
The harpy claws you.
* * * LOW HITPOINT WARNING * * *
The harpy misses you.
The harpy screeches!
The harpy barely misses you. The harpy claws you.
* * * LOW HITPOINT WARNING * * *
The harpy claws you but does no damage. The harpy misses you.
You flicker for a moment.
The harpy claws you.
* * * LOW HITPOINT WARNING * * *
The harpy closely misses you. The harpy barely misses you.
The harpy closely misses you.
You flicker back into view.
The harpy claws you.
* * * LOW HITPOINT WARNING * * *
The harpy closely misses you. You block the harpy's attack.
The harpy claws you but does no damage. The harpy barely misses you.
The harpy completely misses you. The harpy barely misses you.
The harpy claws you!
* * * LOW HITPOINT WARNING * * *
Okay, then.
Press: ? - help, v - describe, . - travel The floor.
Aiming: Corrosive Bolt
Press: ? - help, Shift-Dir - straight line, f - harpy
Aim: a harpy (71% to hit)
You feel a surge of power!
The bolt of acid misses the harpy.
The bolt of acid hits the harpy!
The harpy is splashed with acid.
The acid corrodes the harpy!
The harpy is moderately wounded.
The harpy closely misses you. The harpy barely misses you.
The harpy misses you. The harpy claws you.
* * * LOW HITPOINT WARNING * * *
Okay, then.
You claw the harpy!
The harpy is heavily wounded.
The harpy claws you!
You die...

≈≈≈≈......≈≈≈≈≈≈≈≈≈≈≈#
≈≈≈....##.....≈≈≈≈≈≈≈###
.....^.......≈≈≈≈≈≈≈≈≈≈≈
...... #.....≈≈≈≈≈≈≈≈≈≈
#....# #.....$.≈≈≈≈≈≈≈≈
....###....#.≈.≈≈≈≈≈≈≈.
###....####.###.≈≈≈≈≈≈≈≈.
.###..<...##.### #.H≈≈≈≈≈≈≈.
......≈≈.....@## #..≈≈≈≈≈≈..
......≈≈....H..#####.≈≈≈≈≈...
≈≈....≈...#....H#...H≈≈≈≈≈...
≈≈.≈≈.≈................≈..##
......≈≈≈≈.........##....##
.≈.......=......###...≈≈.##
.≈........##.[..###.≈≈≈≈.....
≈........###....#..≈≈≈≈.....
≈≈...≈≈..#..≈≈...≈≈≈≈≈≈....


You could see 2 harpies.

Vanquished Creatures
  A reaper (IceCv)
  An orc warlord (D:9)
  Erolcha (D:11)
  4 hydras
  Erica (Lair:2)
  A boulder beetle (D:11)
  A two-headed ogre (D:8)
  A catoblepas (Lair:6)
  3 orc high priests (Orc:2)
  Urug (Lair:6)
  3 thrashing horrors (Lair:6)
  Sonja (Lair:2)
  A wretched star (Gauntlet)
  5 orc knights (Orc:2)
  A manticore (Shoals:1)
  4 oklob plants
  3 orc sorcerers (Orc:2)
  3 ugly things (Lair:6)
  2 cyclopes
  6 elephants
  6 black mambas
  2 ice statues (IceCv)
  6 smoke demons
  14 cane toads
  2 rime drakes
  15 komodo dragons
  6 ice devils (IceCv)
  2 entropy weaver simulacra (IceCv)
  5 trolls
  An ancient zyme (Lair:6)
  A red devil (Gauntlet)
  A jumping spider (Lair:2)
  A merfolk (Lair:2)
  3 polar bears
  12 dream sheep
  31 blink frogs
  A raiju (Gauntlet)
  A meliai zombie (D:11)
  3 redbacks (Lair:2)
  A ynoxinul (Lair:6)
  8 basilisks
  4 wyverns
  37 yaks
  A vampire (D:5)
  A dire elephant simulacrum (IceCv)
  Eustachio (D:6)
  A spriggan (Lair:6)
  4 steam dragons
  A death yak simulacrum (Orc:2)
  A neqoxec (Gauntlet)
  A harpy simulacrum (IceCv)
  A large abomination (Lair:6)
  5 wargs
  2 acid dragons
  17 water moccasins
  24 orc warriors
  A hornet zombie (D:9)
  7 small abominations
  An ice beast (D:8)
  A necrophage (D:6)
  2 black bears
  12 wolves
  8 ogres
  A centaur (D:6)
  2 kobold brigands (D:9)
  A phantom (D:5)
  6 bullfrogs
  A gnoll sergeant (D:6)
  2 wyvern zombies (D:8)
  2 cane toad simulacra (IceCv)
  3 scorpions
  2 two-headed ogre simulacra
  A water moccasin skeleton (D:4)
  6 killer bees
  3 elephant simulacra
  3 wights (D:10)
  2 howler monkeys
  An electric eel (Lair:1)
  3 crimson imps (Gauntlet)
  3 hounds
  14 orc priests
  A bullfrog skeleton (D:7)
  A gnoll shaman (D:9)
  3 centaur skeletons
  4 iguanas
  17 orc wizards
  A polar bear simulacrum (IceCv)
  4 spriggan simulacra
  5 troll simulacra
  2 wolf simulacra
  A killer bee zombie (D:8)
  A human simulacrum (D:9)
  A hound skeleton (D:4)
  14 gnolls
  9 adders
  4 naga simulacra
  3 shadow imps
  A white imp (IceCv)
  3 ufetubi
  2 worms (D:3)
  2 dart slugs
  79 orcs
  A bat (D:2)
  10 endoplasms
  4 giant cockroaches
  10 hobgoblins
  3 jackals (D:4)
  24 kobolds
  4 quokkas
  12 ball pythons
  5 frilled lizards
  6 goblins
  5 rats
597 creatures vanquished.

Vanquished Creatures (collateral kills)
  A polar bear (Lair:6)
1 creature vanquished.

Vanquished Creatures (others)
  A minotaur (Gauntlet)
  A harpy (Shoals:1)
  An orc wizard (D:3)
  A human simulacrum (D:9)
  A white imp (IceCv)
  An orc (D:9)
  A kobold (D:9)
  A bush (Lair:6)
  36 fungi
  38 plants
  13 toadstools (Lair:3)
95 creatures vanquished.

Grand Total: 693 creatures vanquished

Notes
Turn   | Place    | Note
-------+----------+-------------------------------------------
     0 | D:1      | Anothat the Troll Monk began the quest for the Orb.
     0 | D:1      | Reached XP level 1. HP: 22/22 MP: 0/0
    78 | D:1      | Reached XP level 2. HP: 24/29 MP: 1/1
   620 | D:2      | Reached XP level 3. HP: 36/36 MP: 2/2
  1065 | D:2      | Reached XP level 4. HP: 44/44 MP: 3/3
  1070 | D:2      | Reached skill level 4 in Unarmed Combat
  1516 | D:3      | Reached XP level 5. HP: 53/53 MP: 4/4
  1616 | D:3      | Reached skill level 5 in Unarmed Combat
  1689 | D:3      | Reached XP level 6. HP: 46/61 MP: 5/5
  1848 | D:3      | Found a snail-covered altar of Cheibriados.
  1992 | D:3      | Found a faded altar of an unknown god.
  2308 | D:4      | Found a glowing golden altar of the Shining One.
  2695 | D:4      | Reached XP level 7. HP: 68/68 MP: 6/6
  2711 | D:4      | Reached skill level 6 in Unarmed Combat
  2919 | D:5      | Entered Level 5 of the Dungeon
  3018 | D:5      | Noticed a vampire
  3068 | D:5      | Killed a vampire
  3348 | D:5      | Found a runed translucent gate.
  3348 | D:5      | Found a runed translucent gate.
  3348 | D:5      | Found a runed translucent gate.
  3357 | D:5      | Reached skill level 7 in Unarmed Combat
  3365 | D:5      | Reached XP level 8. HP: 77/79 MP: 7/7
  3367 | D:5      | Found an opulent altar of Gozag.
  3368 | D:5      | Noticed LeChuckSC's ghost (novice SpMo)
  3389 | D:5      | Found an opulent altar of Gozag.
  3922 | D:6      | Found a staircase to the Ecumenical Temple.
  3947 | Temple   | Entered the Ecumenical Temple
  4104 | D:6      | Reached skill level 5 in Dodging
  4179 | D:6      | Reached skill level 5 in Fighting
  4179 | D:6      | Reached skill level 8 in Unarmed Combat
  4279 | D:6      | Noticed Eustachio
  4293 | D:6      | Killed Eustachio
  4816 | D:7      | Reached XP level 9. HP: 88/88 MP: 8/8
  4961 | D:7      | Found a shadowy altar of Dithmenos.
  5004 | D:7      | Reached skill level 9 in Unarmed Combat
  5185 | D:7      | Found a stormy altar of Qazlal.
  5185 | D:7      | Found a shimmering altar of Xom.
  5185 | D:7      | Found an iron altar of Okawaru.
  6218 | D:8      | Noticed a two-headed ogre
  6227 | D:8      | Killed a two-headed ogre
  6228 | D:8      | Reached skill level 10 in Unarmed Combat
  6654 | D:8      | You fall into a shaft and drop 2 floors!
  6654 | D:10     | Entered Level 10 of the Dungeon
  6661 | D:10     | Found a blossoming altar of Fedhas.
  6785 | D:10     | Reached XP level 10. HP: 99/100 MP: 9/9
  6833 | D:10     | Found a flagged portal.
  6893 | D:10     | Reached skill level 11 in Unarmed Combat
  6931 | Bailey   | Entered a bailey
  6981 | Bailey   | Noticed an orc warlord
  7089 | Bailey   | Found a runed translucent gate.
  7089 | Bailey   | Found a runed translucent gate.
  7089 | Bailey   | Found a runed translucent gate.
  7858 | D:10     | Found a portal to a secret trove of treasure.
  8182 | D:10     | Found Kuleifoic's Antique Weapon Shop.
  8415 | D:11     | Found Gugg's Antique Weapon Shoppe.
  8416 | D:11     | Noticed a boulder beetle
  8448 | D:11     | Killed a boulder beetle
  8609 | D:11     | Found a staircase to the Lair.
  8612 | D:11     | Noticed an oklob plant
  8621 | D:11     | Found Qeikent's Jewellery Shop.
  8678 | D:11     | Noticed Erolcha
  8700 | D:11     | Found Foqayxt's Armour Emporium.
  8818 | D:11     | Found Risau's Magic Scroll Shop.
  8821 | D:11     | Noticed a cyclops
  8828 | D:11     | Killed a cyclops
  8907 | D:9      | Reached skill level 12 in Unarmed Combat
  9045 | D:9      | Found an ancient bone altar of Kikubaaqudgha.
  9060 | D:9      | Noticed Nattefrost's ghost (journeyman DsGl)
  9062 | D:9      | Noticed a two-headed ogre
  9130 | D:9      | Found Kurr's Antique Weapon Shoppe.
  9174 | D:9      | Found a sacrificial altar of Ru.
  9196 | D:9      | Became a worshipper of Ru the Awakened
  9201 | D:9      | Gained mutation: You cannot study or cast Ice magic. [Ru
                  | sacrifice]
  9201 | D:9      | Gained mutation: You cannot study or cast Hexes magic. [Ru
                  | sacrifice]
  9201 | D:9      | Gained mutation: You cannot study or cast Necromancy magic.
                  | [Ru sacrifice]
  9201 | D:9      | Reached * piety under Ru
  9231 | D:9      | Reached XP level 11. HP: 109/109 MP: 10/10
  9260 | D:9      | Found Luogoez's Armour Boutique.
  9260 | D:9      | Found a staircase to the Orcish Mines.
  9260 | D:9      | Found Kirchec's Weapon Boutique.
  9387 | D:9      | Found a transporter.
  9388 | D:9      | Found a transporter.
  9760 | D:11     | Found Biasama's Distillery.
  9764 | D:11     | Identified the +1 plate armour of a wizard's laboratory
                  | {*Corrode +Inv Dex+10 SInv}
  9771 | D:11     | Bought a potion of haste for 170 gold pieces
  9771 | D:11     | Bought a potion of curing for 51 gold pieces
  9771 | D:11     | Bought a potion of curing for 51 gold pieces
 10018 | D:11     | Killed Erolcha
 10091 | D:11     | Noticed an oklob plant
 10111 | D:11     | Killed an oklob plant
 10146 | D:11     | Killed an oklob plant
 10202 | Lair:1   | Entered Level 1 of the Lair of Beasts
 10414 | Lair:1   | Reached skill level 13 in Unarmed Combat
 10665 | Lair:1   | Identified the +4 halberd "Roudum" {elec, rElec Str+2
                  | Dex-2}
 10896 | Lair:1   | Noticed an oklob plant
 10910 | Lair:1   | Killed an oklob plant
 11288 | Lair:2   | Reached XP level 12. HP: 112/122 MP: 11/11
 11295 | Lair:2   | Found a runed translucent gate.
 11400 | Lair:2   | Found a runed translucent gate.
 11402 | Lair:2   | Found a runed translucent gate.
 11410 | Lair:2   | Noticed a minotaur
 11438 | Lair:2   | Reached skill level 14 in Unarmed Combat
 11518 | Lair:2   | Noticed Sonja
 11521 | Lair:2   | Noticed Erica
 11531 | Lair:2   | Killed Sonja
 11536 | Lair:2   | Killed Erica
 11606 | Lair:2   | Noticed Nattefrost's ghost (journeyman HuBe)
 11661 | Lair:2   | Found a staircase to the Shoals.
 11727 | Lair:2   | Gained mutation: You are somewhat unskilled. (-1 Apt) [Ru
                  | sacrifice]
 11727 | Lair:2   | Reduced skill Unarmed Combat to level 13
 11727 | Lair:2   | Reached ** piety under Ru
 11935 | Lair:2   | Found a snail-covered altar of Cheibriados.
 12116 | Lair:2   | Identified the +1 long sword "Naoreps" {drain, rElec Will-
                  | Str+3}
 12201 | Lair:2   | Found a hole to the Spider Nest.
 12412 | Lair:3   | Found a gate leading to a gauntlet.
 12427 | Gauntlet | Entered a Gauntlet
 12427 | Gauntlet | Found a transporter.
 12427 | Gauntlet | Found a transporter.
 12429 | Gauntlet | Found a transporter.
 12430 | Gauntlet | Found a transporter.
 12431 | Gauntlet | Found a transporter.
 12436 | Gauntlet | Found a transporter.
 12439 | Gauntlet | Found a transporter.
 12442 | Gauntlet | Found a transporter.
 12444 | Gauntlet | Found a transporter.
 12444 | Gauntlet | Found a transporter.
 12453 | Gauntlet | Found a transporter.
 12460 | Gauntlet | Found a transporter.
 12658 | Gauntlet | Gained mutation: Your magical capacity is low. (-10% MP) [a
                  | neqoxec]
 12660 | Gauntlet | Gained mutation: You are occasionally teleported next to
                  | monsters. [a neqoxec]
 12664 | Gauntlet | Gained mutation: You are dopey. (Int -2) [a neqoxec]
 12670 | Gauntlet | Noticed an alligator
 12672 | Gauntlet | an alligator changed into a slime creature
 12686 | Gauntlet | Identified the +3 scimitar "Zublas" {speed, rCorr MP+9
                  | Dex+2}
 12687 | Gauntlet | Identified the amulet of Doubts {Reflect rC++ SH+5}
 12740 | Gauntlet | Noticed a minotaur
 12746 | Gauntlet | Killed a minotaur
 12747 | Gauntlet | Reached skill level 14 in Unarmed Combat
 13154 | Lair:3   | Reached XP level 13. HP: 124/131 MP: 10/10
 13229 | Lair:3   | Noticed a dire elephant
 13229 | Lair:3   | Noticed a dire elephant
 13250 | Lair:3   | Found a runed translucent door.
 13608 | Lair:4   | Identified the ring "Laenaud" {Wiz Drain rF+ MP+9 Dex+5}
 15580 | Lair:6   | Entered Level 6 of the Lair of Beasts
 15609 | Lair:5   | HP: 1/131 [poisoned by a water moccasin]
 16106 | Lair:6   | Reached skill level 15 in Unarmed Combat
 16204 | Lair:6   | Identified a scroll of acquirement
 16204 | Lair:6   | Acquired the +0 hat "Bised" {Rampage}
 16400 | Lair:6   | Noticed Urug
 16432 | Lair:6   | Killed Urug
 16543 | Lair:6   | Found a viscous altar of Jiyva.
 16543 | Lair:6   | Found a staircase to the Slime Pits.
 16955 | Lair:6   | Reached XP level 14. HP: 139/141 MP: 11/11
 16970 | Lair:6   | Reached skill level 10 in Dodging
 17012 | Lair:6   | Reached skill level 10 in Fighting
 17467 | Lair:6   | Found a corrupted altar of Lugonu.
 17467 | Lair:6   | Found a one-way gate to the infinite horrors of the Abyss.
 17494 | Lair:6   | Acquired the +1 robe "Duyvu Pytz" {+Inv rF+ rN+}
 17584 | Lair:6   | Lost mutation: You are occasionally teleported next to
                  | monsters. [potion of mutation]
 17584 | Lair:6   | Lost mutation: You are dopey. (Int -2) [potion of mutation]
 17584 | Lair:6   | Gained mutation: You possess an exceptional clarity of
                  | mind. [potion of mutation]
 17584 | Lair:6   | Gained mutation: You are weak. (Str -2) [potion of
                  | mutation]
 17584 | Lair:6   | Gained mutation: Armour fits poorly on your strangely
                  | shaped body. [potion of mutation]
 17584 | Lair:6   | Gained mutation: You expend magic power (3 MP) to
                  | strengthen your wands. [potion of mutation]
 17960 | Orc:1    | Entered Level 1 of the Orcish Mines
 18012 | Orc:1    | Found a shimmering blue altar of Sif Muna.
 18038 | Orc:1    | Noticed an orc warlord
 18211 | D:9      | Killed an orc warlord
 18212 | D:9      | Reached skill level 16 in Unarmed Combat
 18493 | Orc:1    | Found Fuetymis's Assorted Antiques.
 18501 | Orc:1    | Bought a jade ring for 175 gold pieces
 18501 | Orc:1    | Bought a wand of acid (9) for 280 gold pieces
 18666 | Orc:2    | Entered Level 2 of the Orcish Mines
 18687 | Orc:2    | Found a shimmering altar of Xom.
 18723 | Orc:2    | Found a frozen archway.
 18799 | Orc:2    | Gained mutation: You are clumsy. (Dex -2) [Ru sacrifice]
 18808 | IceCv    | Entered an ice cave
 19346 | IceCv    | Noticed a reaper
 19499 | IceCv    | Killed a reaper
 20038 | Orc:2    | Learned a level 2 spell: Wereblood
 20044 | Orc:2    | Found a staircase to the Elven Halls.
 20647 | Orc:2    | Found Hidargh's Weapon Emporium.
 20647 | Orc:2    | Found Haedarata's Antique Armour Boutique.
 20685 | Orc:2    | Found Keptey Mepi's Weapon Emporium.
 20685 | Orc:2    | Found Aponooq's Assorted Antiques.
 20699 | Orc:2    | Bought a potion of heal wounds for 165 gold pieces
 20699 | Orc:2    | Bought a potion of invisibility for 264 gold pieces
 20699 | Orc:2    | Bought a potion of curing for 99 gold pieces
 20895 | Shoals:1 | Entered Level 1 of the Shoals
 21133 | Shoals:1 | Slain by a harpy

Illustrated notes

Levels and vault maps discovered:
D:1:      kennysheep_arrival_seaside, layout_rooms, columned_hall_lemuel,
          minmay_liquid_box
D:2:      layout_loops_corners
D:3:      layout_basic, cheibrodos_worm_habitat,
          hellmonk_ecumenical_altar_crossroads
D:4:      layout_basic, nicolae_tso_swordbearing_angel
D:5:      layout_basic, mainiacjoe_overflow_alcove_4, ebering_ghost_gozag
D:6:      layout_loops_ring, minmay_temple_entry_large_hall,
          hangedman_abyss_or_decor_slice, minmay_statues_item, uniq_eustachio
D:7:      layout_basic, gammafunk_temple_overflow_claw,
          mainiacjoe_overflow_concentric_impassable
D:8:      layout_loops_cross, serial_glass, glass_columns_a, glass_columns_b
D:9:      layout_cave_pools, nicolae_overflow_crystal_walls,
          nicolae_ru_path_of_blood, orc_david_3, serial_shops,
          kennysheep_mini_moat, gammafunk_ghost_arena, bh_circular_ruins
D:10:     layout_loops_ring, fedhas_ov_isle_minmay, enter_bailey_2,
          enter_trove_0, nicolae_stop_n_shop_1
D:11:     layout_small_grid, dpeg_oklobed_lair, serial_shops,
          nicolae_shop_waterfront, shop, shop, shop, nicolae_shop_crystal,
          minmay_rotating_lava, uniq_erolcha
Temple:   minmay_temple_bridge_abc
Lair:1:   beast_lair_carwin_large_1, layout_long_grid,
          chequers_serial_rivers_micro_d, grunt_megastairs_4,
          serial_bayou_shore_b, minmay_lair_oklob_chamber,
          infiniplex_staircase_pool_2, lemuel_fruit_fields, lemuel_fruit_fields,
          serial_bayou_shore_a
Lair:2:   layout_small_grid, elwin_shoals_entry_rooms,
          spider_nest_entry_funnel_web, basic_altar,
          maelrawn_ghost_gauntlet_escape, eino_small_chamber_without_monster,
          minivault_23, uniq_erica, uniq_sonja
Lair:3:   gammafunk_lair_enchanted_lake, layout_misc_corridors,
          gauntlet_entry_generic, lemuel_fruit_tree, lemuel_fruit_fields
Lair:4:   layout_hall_layers
Lair:5:   layout_cave_pods
Lair:6:   hellmonk_lair_end_abyssal_woods, layout_loops_ring, slime_altar_1,
          grunt_megastairs_3, uniq_urug
Shoals:1: layout_shoals, uniq_kirke, uniq_frances
Orc:1:    layout_caves, serial_shops, shop, led_sif_book
Orc:2:    grunt_orc_tribal_feast, layout_diamond_mine, basic_altar,
          portal_ice_cave_entry_ice_simulacra, mines1_david

Skill      XL: |  1  2  3  4  5  6  7  8  9 10 11 12 13 14 |
---------------+-------------------------------------------+-----
Unarmed Combat | 4 5 7 8 10 12 13 14 15 16 | 16.6
Fighting       | 3 4 5 6 7 8 9 10 | 10.7
Dodging        | 3 4 5 6 7 8 9 10 | 10.7
Stealth        | |  1.0

Action                   |  1- 3 |  4- 6 |  7- 9 | 10-12 | 13-15 || total
-------------------------+-------+-------+-------+-------+-------++-------
Melee: Unarmed           |   108 |   163 |   249 |   599 |   793 ||  1912
       Punch             |       |     4 |     6 |    51 |    72 ||   133
 Cast: Wereblood         |       |       |       |       |     1 ||     1
Invok: Sacrifice Arcana  |       |       |       |     1 |       ||     1
       Sacrifice Skill   |       |       |       |     1 |       ||     1
       Reject Sacrifices |       |       |       |       |     1 ||     1
       Sacrifice Purity  |       |       |       |       |     1 ||     1
Evoke: Wand              |       |       |     6 |     5 |    29 ||    40
  Use: Potion            |       |       |     4 |     3 |     9 ||    16
       Scroll            |       |       |       |    23 |    16 ||    39
 Stab: Sleeping          |     3 |     2 |       |     3 |     1 ||     9
       Distracted        |       |       |       |     1 |     5 ||     6
       Invisible         |       |       |       |     1 |    10 ||    11
       Petrified         |       |       |       |       |     3 ||     3
Armor: Robe              |    36 |    30 |    78 |   112 |    83 ||   339
Dodge: Dodged            |    51 |    66 |   129 |   356 |   450 ||  1052
Block: Other             |       |       |       |     4 |   133 ||   137
       Reflection        |       |       |       |     1 |     2 ||     3
